 Dungeon Crawl Stone Soup version 0.31.0-11-ge490571c62 (webtiles) character file.

Game seed: 8262532691839879447

662 MollyMolluskus the Ruffian (level 7, -1/73 HPs)
             Began as an Octopode Fighter on Jan 26, 2024.
             Slain by a sky beast (6 damage)
             ... on level 4 of the Dungeon.
             The game lasted 00:16:43 (3639 turns).

MollyMolluskus the Ruffian (Octopode Fighter)       Turns: 3639, Time: 00:16:43

Health: -1/73      AC:  1    Str: 20    XL:     7   Next: 56%
Magic:  7/7        EV: 15    Int: 10    God:
Gold:   225        SH:  5    Dex: 17    Spells: 6/6 levels left

rFire   . .          .
                       - Unarmed
rCold   . . .        a - +0 buckler
rNeg    . . .        (helmet restricted)
rPois   .            c - amulet of Ukhlur {RegenMP Str+2 Dex+6}
rElec   .            (no ring)
rCorr   .            (no ring)
SInv    .            (no ring)
Will    .....        (no ring) Stlth
                     (no ring)
HPRegen 0.32/turn    (no ring)
MPRegen 0.50/turn    (no ring)
                     (no ring)

%: no passive effects
@: berserking, very quick
A: almost no armour, amphibious, 8 rings, camouflage 1, gelatinous body 1,
(nimble swimmer 1), tentacles
a: no special abilities


You were on level 4 of the Dungeon.
You visited 1 branch of the dungeon, and saw 4 of its levels.

You collected 225 gold pieces.

Inventory:

Hand Weapons
 e - a +2 antimagic dagger
Missiles
 d - 26 stones (quivered)
 f - 3 poisoned darts
Armour
 a - a +0 buckler (worn)
Jewellery
 c - the amulet of Ukhlur (around mantle) {RegenMP Str+2 Dex+6}
   (You found it on level 2 of the Dungeon)

   [amulet of magic regeneration]

   RegenMP:   It increases your rate of magic regeneration.
   Str+2:     It affects your strength (+2).
   Dex+6:     It affects your dexterity (+6).
Wands
 g - a wand of light (7)
Potions
 b - 2 potions of might
 j - a potion of cancellation
 k - a potion of enlightenment
 l - a potion of resistance {unknown}


   Skills:
 + Level 4.4 Fighting
 + Level 4.6 Dodging
 - Level 4.0 Stealth
 - Level 4.0 Shields
 * Level 5.2 Unarmed Combat


You had 6 spell levels left.
You didn't know any spells.
Your spell library contained the following spells:

 Spells                   Type           Power      Damage    Failure   Level
 Frozen Ramparts          Ice            0%         1d1       80%         3
 Leda's Liquefaction      Alch/Erth      0%         N/A       99%         4
 Petrify                  Alch/Erth      0%         N/A       99%         4
 Metabolic Englaciation   Hex/Ice        0%         N/A       100%        5
 Summon Forest            Summ/Tloc      0%         N/A       100%        5
 Eringya's Noxious Bog    Alch           0%         4d6       100%        6
 Summon Hydra             Summ           0%         N/A       100%        7


Dungeon Overview and Level Annotations

Branches:
Dungeon (4/15)
 Temple: D:4-7

Altars:
Cheibriados
Elyvilon
Gozag
Nemelex Xobeh
Yredelemnul

Annotations:
D:3 1 runed translucent door, Crazy Yiuf


Innate Abilities, Weirdness & Mutations

You cannot wear most types of armour.
You are amphibious.
You can wear up to eight rings at the same time.
Your skin changes colour to match your surroundings (Stealth+).
Your rubbery body absorbs attacks. (AC +1, EV +1)
((You are camouflaged when in or above water. (Stealth+)))
You have tentacles for arms and can constrict up to eight enemies at once.


Message History

You tentacle-slap the gnoll.
You kill the gnoll!
You see here a +0 whip.
You strike the helpless sky beast from behind!
You tentacle-slap the sky beast.
The sky beast is moderately wounded.
The sky beast hits you. The sky beast shocks you.
You completely miss the sky beast. Your squeeze misses the sky beast.
The sky beast is moderately wounded.
You miss the sky beast.
The sky beast is moderately wounded.
The sky beast hits you. The sky beast shocks you.
You closely miss the sky beast. You squeeze the sky beast!
The sky beast is severely wounded.
The sky beast hits you. The sky beast shocks you.
You closely miss the sky beast. Your squeeze misses the sky beast.
The sky beast is severely wounded.
The sky beast hits you. The sky beast shocks you.
You tentacle-slap the sky beast.
The sky beast is severely wounded.
The sky beast hits you. The sky beast shocks you.
* * * LOW HITPOINT WARNING * * *
You tentacle-slap the sky beast. Your squeeze misses the sky beast.
The sky beast is almost dead.
The sky beast closely misses you.
A red film seems to cover your vision as you go berserk!
You feel yourself moving faster!
You feel mighty! The sky beast completely misses you.
You barely miss the sky beast. Your squeeze misses the sky beast.
The sky beast is almost dead.
The sky beast flickers out of sight!
Deactivating autopickup; reactivate with Ctrl-A.
Something hits you.
* * * LOW HITPOINT WARNING * * *
Something shocks you.
* * * LOW HITPOINT WARNING * * *
You barely miss something. Something hits you.
* * * LOW HITPOINT WARNING * * *
Something shocks you.
You die...

.... ###..# .... ....... .#
#....# .... #......#.# ##.##.#
.... #......#.## #..##.# ....
#......#..## ##.###.# ..[.
..#........# #..# #.# ....
.............# #.## #.# ...
.............# #.# #.# .
?....(..{@...## #.# #.#
#.............###.####.# #
#...#.................# #
#............##.###.## 8#
#.#..........##.# #.# ###
..###<...##..##.# #.# #.
#.........#..#..###.#
##.######.##.........)......#
##..............##........#.##


There were no monsters in sight!

Vanquished Creatures
  An ogre (D:4)
  A centaur (D:4)
  Blork the orc (D:4)
  A scorpion (D:4)
  A hound (D:4)
  Jessica (D:3)
  An iguana (D:4)
  4 orc wizards
  10 gnolls
  2 adders
  3 dart slugs
  A ribbon worm (D:1)
  11 orcs
  4 endoplasms
  2 giant cockroaches
  10 goblins
  5 hobgoblins
  3 jackals (D:3)
  6 ball pythons
  6 bats
  4 frilled lizards
  8 kobolds
  4 rats
90 creatures vanquished.

Notes
Turn   | Place    | Note
-------+----------+-------------------------------------------
     0 | D:1      | MollyMolluskus the Octopode Fighter began the quest for the
                  | Orb.
     0 | D:1      | Reached XP level 1. HP: 16/16 MP: 1/1
   181 | D:1      | Reached XP level 2. HP: 18/21 MP: 2/2
   231 | D:1      | Reached skill level 1 in Stealth
   816 | D:2      | Identified the amulet of Ukhlur {RegenMP Str+2 Dex+6}
   892 | D:2      | Reached XP level 3. HP: 26/26 MP: 3/3
  1118 | D:2      | Reached XP level 4. HP: 29/31 MP: 4/4
  1411 | D:3      | Found an opulent altar of Gozag.
  1439 | D:3      | Reached skill level 3 in Unarmed Combat
  1560 | D:3      | Reached XP level 5. HP: 15/36 MP: 5/5
  1729 | D:3      | Noticed Jessica
  1734 | D:3      | Killed Jessica
  1838 | D:3      | Found a runed translucent door.
  1839 | D:3      | Noticed Crazy Yiuf
  2364 | D:3      | Found a sparkling altar of Nemelex Xobeh.
  2628 | D:4      | Noticed a sky beast
  2797 | D:4      | Found a white marble altar of Elyvilon.
  2797 | D:4      | Found a basalt altar of Yredelemnul.
  2798 | D:4      | Found a snail-covered altar of Cheibriados.
  2802 | D:4      | Noticed a centaur
  2806 | D:4      | Reached XP level 6. HP: 29/43 MP: 6/6
  2939 | D:4      | Reached skill level 4 in Unarmed Combat
  3181 | D:4      | Noticed Blork the orc
  3232 | D:4      | Reached XP level 7. HP: 38/48 MP: 7/7
  3478 | D:4      | Reached skill level 5 in Unarmed Combat
  3529 | D:4      | Killed Blork the orc
  3639 | D:4      | Slain by a sky beast

Illustrated notes

Levels and vault maps discovered:
D:1:      dpeg_arrival_brainrot, layout_loops_ring
D:2:      layout_loops_cross, minmay_misc_feat_chi
D:3:      layout_basic, nemelex_xobeh_ov_fountains_minmay,
          mainiacjoe_overflow_small_starburst, uniq_crazy_yiuf_cottage,
          uniq_jessica
D:4:      layout_rooms, gammafunk_temple_overflow_claw, uniq_blork_the_orc

Skill      XL: |  1  2  3  4  5  6  7 |
---------------+----------------------+-----
Stealth        | 1 2 3 4 |  4.0
Unarmed Combat | 3 4 5 |  5.2
Dodging        | 4 |  4.6
Fighting       | 4 |  4.4
Shields        | 4 |  4.0

Action                     |  1- 3 |  4- 6 |  7- 9 || total
---------------------------+-------+-------+-------++-------
  Melee: Unarmed           |    53 |   115 |    23 ||   191
         Constrict         |    18 |    37 |     3 ||    58
         Tentacles         |    10 |    29 |     5 ||    44
         Punch             |     1 |     5 |     1 ||     7
  Throw: Stone             |     1 |    17 |       ||    18
         Dart              |       |       |     5 ||     5
    Use: Scroll            |     6 |     4 |       ||    10
         Potion            |       |     1 |     2 ||     3
   Stab: Sleeping          |     8 |    11 |       ||    19
         Distracted        |       |     1 |     1 ||     2
 Armour: Skin              |    12 |    48 |    11 ||    71
  Dodge: Dodged            |    14 |    42 |     5 ||    61
  Block: Buckler           |     6 |    13 |     1 ||    20
